 Dungeon Crawl Stone Soup version 0.30-a0-802-gb92711bcdf (webtiles) character file.

Game seed: 1190229697930494792

330 bande the Covered (level 6, -7/38 HPs)
             Began as a Gargoyle Fighter on Feb 25, 2023.
             Mangled by Menkaure (12 damage)
             ... on level 4 of the Dungeon.
             The game lasted 00:04:15 (3528 turns).

bande the Covered (Gargoyle Fighter)                Turns: 3528, Time: 00:04:15

Health: -7/38      AC: 11    Str: 19    XL:     6   Next: 51%
Magic:  6/6        EV:  9    Int:  9    God:
Gold:   211        SH:  4    Dex: 11    Spells: 5/5 levels left

rFire   . . .      SeeInvis .    a - +0 war axe
rCold   . . .      Faith    .    c - +0 buckler
rNeg    + . .      Spirit   .    b - +0 scale mail
rPois   ∞          Reflect  .    (no helmet)
rElec   +          Harm     .    (no cloak)
rCorr   .          Rampage  .    (no gloves)
Will    .....                    (no boots) Stlth
                                 (no amulet)
HPRegen 0.26/turn                (no ring)
MPRegen 0.10/turn                (no ring)

@: no status effects
A: sickness immunity, AC +4, negative energy resistance 1, electricity
resistance, torment resistance 1, petrification resistance
a: no special abilities


You were on level 4 of the Dungeon.
You visited 1 branch of the dungeon, and saw 4 of its levels.

You collected 211 gold pieces.

Inventory:

Hand Weapons
 a - a +0 war axe (weapon)
 w - a +0 morningstar
Armour
 b - a +0 scale mail (worn)
 c - a +0 buckler (worn)
 y - an orb of light
Jewellery
 s - a +6 ring of dexterity
 x - an amulet of faith
Wands
 m - a wand of flame (20)
 z - a wand of roots (11)
Scrolls
 j - a scroll of fog
 l - 5 scrolls of identify
 p - 2 scrolls of teleportation
Potions
 d - 2 potions of might
 e - a potion of cancellation {unknown}
 f - a potion of invisibility {unknown}
 g - 3 potions of flight {unknown}
 h - 2 potions of haste {unknown}
 i - 2 potions of brilliance {unknown}
 k - 3 potions of heal wounds {unknown}
 o - 3 potions of attraction
 r - 2 potions of curing {unknown}
 t - 2 potions of magic {unknown}
 v - 2 potions of mutation {unknown}


   Skills:
 + Level 4.0 Fighting
 + Level 4.1 Axes
 + Level 4.4 Armour
 + Level 3.9 Shields
 * Level 2.1 Evocations


You had 5 spell levels left.
You didn't know any spells.
Your spell library contained the following spells:

 Spells                   Type           Power      Damage    Failure   Level
 Sting                    Tmut/Pois      0%         1d3       83%         1
 Poisonous Vapours        Pois/Air       0%         N/A       93%         2
 Olgreb's Toxic Radiance  Pois           0%         N/A       100%        4


Dungeon Overview and Level Annotations

Branches:
Dungeon (4/15)
 Temple: D:4-7

Altars:
Makhleb
Nemelex Xobeh
Trog

Shops:
D:3 =

Annotations:
D:4 Menkaure


Innate Abilities, Weirdness & Mutations

You are immune to sickness and miasma.
Your stone body is resilient. (AC +4)
You are immune to poison.
You resist negative energy. (rN+)
You are resistant to electric shocks. (rElec)
You are resistant to unholy torment.
You are immune to petrification.


Message History

The kobold shouts!
The kobold throws a poisoned dart.
You block the poisoned dart.
A kobold is nearby!
There is an open door here.
Menkaure, Prince of Dust comes into view.
Menkaure shouts!
You block the kobold's attack.
You barely miss Menkaure. You closely miss the kobold.
You block the kobold's attack.
Menkaure mumbles some strange words.
Menkaure seems to speed up.
The kobold hits you but does no damage.
You hit Menkaure.
Menkaure is lightly damaged.
You barely miss the kobold. Menkaure hits you! You block the kobold's attack.
Menkaure calls on the powers of darkness!
Your body is wracked with pain!
You are too injured to fight recklessly!
You are too injured to fight recklessly!
You are too injured to fight recklessly!
You are too injured to fight recklessly!
You are too injured to fight recklessly!
You are too injured to fight recklessly!
You are too injured to fight recklessly!
You are too injured to fight recklessly!
You are too injured to fight recklessly!
You are too injured to fight recklessly!
You are too injured to fight recklessly!
You are too injured to fight recklessly!
You closely miss the kobold. You hit Menkaure. Menkaure closely misses you.
The kobold barely misses you. Menkaure hits you!
* * * LOW HITPOINT WARNING * * *
You barely miss the kobold. You slash Menkaure! The kobold closely misses you.
Menkaure hits you.
* * * LOW HITPOINT WARNING * * *
You block the kobold's attack.
You hit the kobold.
You kill the kobold!
You hit Menkaure. Menkaure barely misses you. x2
Menkaure hits you!
You die...

#######
#.....###########
#.....#..........
#.....#........#
#.....#.......#
#.....#..@M..#
#.....#...##.#
#.....#...#
#.....###'##
######.....#
#.....# #.....#
#.....# #.....#


You could see Menkaure (fast).

Vanquished Creatures
  An ogre (D:4)
  A phantom (D:4)
  Ijyb (D:3)
  Terence (D:2)
  3 adders (D:3)
  3 worms
  6 orcs
  6 ball pythons
  11 bats
  11 endoplasms
  5 giant cockroaches
  10 goblins
  7 hobgoblins
  2 jackals (D:2)
  3 quokkas
  2 frilled lizards (D:2)
  3 kobolds
  6 rats
82 creatures vanquished.

Vanquished Creatures (others)
  A wizard (D:3)
1 creature vanquished.

Grand Total: 83 creatures vanquished

Notes
Turn   | Place    | Note
-------+----------+-------------------------------------------
     0 | D:1      | bande the Gargoyle Fighter began the quest for the Orb.
     0 | D:1      | Reached XP level 1. HP: 14/14 MP: 1/1
   103 | D:1      | Reached XP level 2. HP: 15/19 MP: 2/2
   331 | D:1      | Reached XP level 3. HP: 23/23 MP: 3/3
   888 | D:2      | Noticed Terence
   902 | D:2      | Killed Terence
  1194 | D:2      | Reached XP level 4. HP: 25/29 MP: 4/4
  2147 | D:3      | Reached XP level 5. HP: 33/33 MP: 5/5
  2210 | D:3      | Reached skill level 1 in Evocations
  2272 | D:3      | Found a sparkling altar of Nemelex Xobeh.
  2599 | D:3      | Noticed a floating eye
  2602 | D:3      | Found a faded altar of an unknown god.
  2604 | D:3      | Noticed a floating eye
  2604 | D:3      | Noticed a golden eye
  2604 | D:3      | Noticed an eye of devastation
  2614 | D:3      | Found a burning altar of Makhleb.
  2697 | D:3      | Found Gan Jaloip's Jewellery Shop.
  2784 | D:3      | Noticed Ijyb
  2793 | D:3      | Killed Ijyb
  2835 | D:3      | Found a bloodstained altar of Trog.
  2836 | D:3      | Noticed a wizard
  2842 | D:3      | Killed a wizard
  3168 | D:4      | Noticed a phantom
  3187 | D:4      | Killed a phantom
  3188 | D:4      | Reached XP level 6. HP: 19/38 MP: 6/6
  3522 | D:4      | Noticed Menkaure
  3528 | D:4      | Mangled by Menkaure

Illustrated notes

Levels and vault maps discovered:
D:1:      lemuel_arrival_cross, layout_basic, chequers_serial_rivers_marsh
D:2:      layout_basic, uniq_terence
D:3:      layout_loops_ring, mainiacjoe_overflow_cross_hatched,
          nicolae_overflow_hidden_temple, trog_wizard,
          hellmonk_ecumenical_altar_watching_god, serial_shops,
          nicolae_shop_behind_doors, minmay_quadrilaterals, uniq_ijyb
D:4:      layout_gridville, amethyst_overflow_temple_binary, enter_ossuary_2,
          uniq_menkaure

Skill      XL: |  1  2  3  4  5  6 |
---------------+-------------------+-----
Axes           | 2 3 4 |  4.1
Evocations     | 1 2 |  2.1
Armour         | 4 |  4.4
Fighting       | 4 |  4.0
Shields        | |  3.9

Action                     |  1- 3 |  4- 6 || total
---------------------------+-------+-------++-------
  Melee: War axe           |   113 |   190 ||   303
    Use: Scroll            |       |     9 ||     9
 Armour: Scale mail        |    78 |    92 ||   170
  Dodge: Dodged            |    67 |    90 ||   157
  Block: Buckler           |    24 |    55 ||    79

Table legend: (Time is in decaauts)
 A = Elapsed time spent in this place.
 B = Non-inter-level travel time spent in this place.
 C = Inter-level travel time spent in this place.
 D = Time resting spent in this place.
 E = Time spent auto-exploring this place.
 F = Levels seen in this place.
 G = Mean time per level.
                   A        B        C        D        E       F      G
               +--------+--------+--------+--------+--------+-----+--------+
         Total |   3652 |   3537 |    115 |    339 |   2425 |   4 |  913.0 |
       Dungeon |   3652 |   3537 |    115 |    339 |   2425 |   4 |  913.0 |
               +--------+--------+--------+--------+--------+-----+--------+

Top non-repeatable levels by time:
     D:2: 1129 daAuts
     D:3: 1011 daAuts
     D:1: 912 daAuts
     D:4: 598 daAuts
